 Dungeon Crawl Stone Soup version 0.27.1-34-g3ba077fa99 (webtiles) character file.

Game seed: 16252640036635875698

42 iwittbrodt the Magician (level 3, 0/25 HPs)
             Began as a Gnoll Hedge Wizard on Jan 14, 2022.
             Slain by a gnoll (3 damage)
             ... on level 2 of the Dungeon.
             The game lasted 00:17:32 (2426 turns).

iwittbrodt the Magician (Gnoll Hedge Wizard)        Turns: 2426, Time: 00:17:32

Health: 0/25       AC:  2    Str:  9    XL:     3   Next: 56%
Magic:  11/11      EV: 13    Int: 14    God:
Gold:   54         SH:  0    Dex: 11    Spells: 3/16 levels left

rFire    . . .     SeeInvis .   g - +1 short sword (vamp)
rCold    . . .     Faith    .   (no shield)
rNeg     . . .     Spirit   .   b - +0 robe
rPois    .         Reflect  .   c - +0 hat
rElec    .         Harm     .   d - scarf {+Inv}
rCorr    .         Rampage  .   (no gloves)
Will     .....                  (no boots)
Stlth    ++........             (no amulet)
HPRegen  0.08/turn              (no ring)
MPRegen  0.12/turn              (no ring)

@: no status effects
A: fangs 1, strong nose, distributed training
a: Evoke Invisibility


You were on level 2 of the Dungeon.
You visited 1 branch of the dungeon, and saw 2 of its levels.

You collected 54 gold pieces.

Inventory:

Hand Weapons
 g - a +1 vampiric short sword (weapon)
Armour
 b - a +0 robe (worn)
 c - a +0 hat (worn)
 d - a scarf of invisibility (worn)
Scrolls
 a - 3 scrolls of identify {unknown}
 e - a scroll of holy word {unknown}
 f - a scroll of noise {unknown}
 h - 2 scrolls of fear {unknown}
 i - a scroll of magic mapping {unknown}
 j - a scroll of vulnerability {unknown}


   Skills:
 + Level 0.8 Fighting
 + Level 0.8 Short Blades
 + Level 0.8 Long Blades
 + Level 0.8 Axes
 + Level 0.8 Maces & Flails
 + Level 0.8 Polearms
 + Level 0.8 Staves
 + Level 0.8 Slings
 + Level 0.8 Bows
 + Level 0.8 Crossbows
 + Level 0.8 Throwing
 + Level 0.8 Armour
 + Level 4.5 Dodging
 + Level 4.1 Stealth
 + Level 0.8 Shields
 + Level 0.8 Unarmed Combat
 + Level 7.1 Spellcasting
 + Level 2.1 Conjurations
 + Level 0.5 Hexes
 + Level 2.1 Summonings
 + Level 0.5 Necromancy
 + Level 2.1 Translocations
 + Level 0.5 Transmutations
 + Level 0.5 Fire Magic
 + Level 0.5 Ice Magic
 + Level 0.5 Air Magic
 + Level 0.5 Earth Magic
 + Level 0.5 Poison Magic
 + Level 1.0 Invocations
 + Level 0.8 Evocations


You had 3 spell levels left.
You knew the following spells:

 Your Spells              Type           Power      Damage    Failure   Level
a - Magic Dart            Conj           44%        1d5       6%          1
b - Call Imp              Summ           11%        N/A       9%          2
c - Blink                 Tloc           N/A        N/A       9%          2
d - Mephitic Cloud        Conj/Pois/Air  8%         N/A       26%         3
e - Conjure Flame         Conj/Fire      8%         6-21      24%         3
f - Poisonous Vapours     Pois/Air       12%        N/A       17%         2

Your spell library contained the following spells:

 Spells                   Type           Power      Damage    Failure   Level
 Sting                    Tmut/Pois      24%        1d4       11%         1
 Slow                     Hex            6%         N/A       17%         2
 Olgreb's Toxic Radiance  Pois           6%         N/A       73%         4


Dungeon Overview and Level Annotations

Branches:
Dungeon (2/15)

Altars:
Xom
The Shining One


Innate Abilities, Weirdness & Mutations

You have very sharp teeth.
Your uncanny sense of smell can sniff out nearby items.
Your experience applies equally to all skills.


Message History

Your crimson imp dies!
Your crimson imp disappears in a puff of smoke!
Your crimson imp blinks!
Your crimson imp misses the gnoll.
You aren't carrying any potions.
Hit: g) +1 short sword (vamp)
Press: ? - help, Dir - move target, f/p - gnoll
Aim: a gnoll, wielding a +0 hand axe of electrocution (moderately wounded, ally target, about 37% to evade your +1 vampiric short sword)
Okay, then.
Found a book of Flames.
Your crimson imp blinks!
The gnoll misses you.
The gnoll shouts!
You see here a book of Flames.
The gnoll hits you with a +0 hand axe of electrocution.
* * * LOW HITPOINT WARNING * * *
A ball python comes into view.
A kobold comes into view. It is wielding a +0 club.
The gnoll hits you but does no damage.
The kobold throws a stone.
The stone misses you.
The kobold throws a stone.
The stone barely misses you.
There is a stone staircase leading up here.
What are your orders? t - Bark!
Orders for allies: a - Attack new target. p - Attack previous target. r - Retreat! s - Stop attacking. g - Guard the area. f - Follow me.
Anything else - Cancel.
Okay, then.
Unknown command.
The gnoll closely misses you. x2
What are your orders? t - Bark!
Orders for allies: a - Attack new target. p - Attack previous target. r - Retreat! s - Stop attacking. g - Guard the area. f - Follow me.
Anything else - Cancel.
Okay, then.
The gnoll hits you with a +0 hand axe of electrocution.
You die...

.....................###.........
###................<...##..>.....
##:..........._...###.###.......
##.................# #.#.........
#........##........# #...........
.......÷...####.##.# #5......####
...........# #....###....##..#
...........#######.#......###..#
......###.....g.@........(..##..#
...............g.#.†.##...#.....#
........####.##.....###...#..####
...........K.........###### .#
.....................?# ##
.........<......>..........
.......:..##.........).....
###.....................###
###.###.###............##


You could see 2 gnolls and a kobold (wandering).

Vanquished Creatures
  A gnoll (D:2)
  2 dart slugs
  3 goblins (D:1)
  3 hobgoblins
  2 jackals (D:1)
  2 kobolds (D:1)
  2 frilled lizards (D:1)
  6 rats
21 creatures vanquished.

Vanquished Creatures (collateral kills)
  An adder (D:2)
  A dart slug (D:1)
  An endoplasm (D:2)
  A giant cockroach (D:2)
  2 hobgoblins
  A ball python (D:2)
  A frilled lizard (D:2)
8 creatures vanquished.

Grand Total: 29 creatures vanquished

Notes
Turn   | Place    | Note
-------+----------+-------------------------------------------
     0 | D:1      | iwittbrodt the Gnoll Hedge Wizard began the quest for the
                  | Orb.
     0 | D:1      | Reached XP level 1. HP: 13/13 MP: 8/8
    11 | D:1      | Found a glowing golden altar of the Shining One.
   440 | D:1      | Found a faded altar of an unknown god.
   477 | D:1      | Reached XP level 2. HP: 19/19 MP: 6/10
   480 | D:1      | Learned a level 2 spell: Call Imp
   484 | D:1      | Learned a level 2 spell: Blink
  1887 | D:2      | Reached XP level 3. HP: 21/25 MP: 5/11
  1986 | D:1      | Learned a level 3 spell: Mephitic Cloud
  1990 | D:1      | Learned a level 3 spell: Conjure Flame
  1993 | D:1      | Learned a level 2 spell: Poisonous Vapours
  2095 | D:2      | Found a shimmering altar of Xom.
  2298 | D:2      | Reached skill level 1 in Invocations
  2374 | D:2      | HP: 1/25 [gnoll (17)]
  2405 | D:2      | HP: 1/25 [gnoll (2)]
  2426 | D:2      | Slain by a gnoll

Illustrated notes

Levels and vault maps discovered:
D:1:      sevenhm_arrival_forest_fort_small_6, layout_loops_corners,
          shapermc_ecumenical_altar_venn, roderic_lattice_a
D:2:      layout_rooms, basic_altar, minmay_misc_feat_more_columns

Skill      XL: |  1  2  3 |
---------------+----------+-----
Conjurations   | 2 |  2.1
Summonings     | 2 |  2.1
Translocations | 2 |  2.1
Invocations    | 1 |  1.0
Fighting       | |  0.8
Short Blades   | |  0.8
Long Blades    | |  0.8
Axes           | |  0.8
Maces & Flails | |  0.8
Polearms       | |  0.8
Staves         | |  0.8
Slings         | |  0.8
Bows           | |  0.8
Crossbows      | |  0.8
Throwing       | |  0.8
Armour         | |  0.8
Dodging        | |  4.5
Stealth        | |  4.1
Shields        | |  0.8
Unarmed Combat | |  0.8
Spellcasting   | |  7.1
Hexes          | |  0.5
Necromancy     | |  0.5
Transmutations | |  0.5
Fire Magic     | |  0.5
Ice Magic      | |  0.5
Air Magic      | |  0.5
Earth Magic    | |  0.5
Poison Magic   | |  0.5
Evocations     | |  0.8

Action                   || total
-------------------------++-------
Melee: Short sword       ||     2
 Cast: Magic Dart        ||    67
       Call Imp          ||    16
Armor: Robe              ||     2
Dodge: Dodged            ||    15
